 Dungeon Crawl Stone Soup version 0.19-a0-61-g4dc4c6e (webtiles) character file.

96 bod the Charmwright (level 4, 0/29 HPs)
             Began as a High Elf Skald on May 8, 2016.
             Succumbed to a worker ant's poison
             ... on level 4 of the Dungeon on May 9, 2016.
             The game lasted 00:11:16 (2549 turns).

bod the Charmwright (High Elf Skald)                Turns: 2549, Time: 00:11:16

Health: 0/29       AC:  6    Str: 12    XL:     4   Next: 41%
Magic:  8/8        EV: 10    Int: 16    God:
Gold:   112        SH: 10    Dex: 14    Spells: 3 memorised, 2 levels left

rFire  . . .     SeeInvis .     a - +0 short sword
rCold  . . .     Gourm    .     h - +3 leather armour
rNeg   . . .     Faith    .     m - +3 shield
rPois  .         Spirit   .     (no helmet)
rElec  .         Dismiss  .     (no cloak)
rCorr  .         Reflect  .     (no gloves)
SustAt .         Harm     .     (no boots)
MR     .....                    (no amulet)
Stlth  +.........               (no ring)
                                (no ring)

@: lethally poisoned (0 -> -17), not resistant to hostile enchantments, very
unstealthy
A: no striking features
a: no special abilities


You were on level 4 of the Dungeon.
You were not hungry.

You visited 1 branch of the dungeon, and saw 3 of its levels.

You collected 112 gold pieces.

Inventory:

Hand Weapons
 a - a +0 short sword (weapon)
Missiles
 e - 28 stones (quivered)
 o - 22 bolts
 q - 19 sling bullets
Armour
 h - a +3 leather armour (worn)
 m - a +3 shield (worn)
Scrolls
 b - 2 scrolls of random uselessness
 j - 2 scrolls of remove curse
 p - a scroll of fear
Potions
 l - a potion of resistance
Books
 c - a book of Battle

   Spells                             Type                      Level
   a - Infusion                       Charms                       1
   b - Shroud of Golubria             Charms/Translocation         2
   c - Song of Slaying                Charms                       2
   d - Spectral Weapon                Hexes/Charms                 3
   e - Regeneration                   Charms/Necromancy            3
Comestibles
 d - a bread ration


   Skills:
 + Level 2.0 Fighting
 + Level 3.1 Short Blades
 + Level 2.0 Armour
 + Level 3.2 Dodging
 + Level 0.3 Shields
 + Level 2.5 Spellcasting
 + Level 3.8 Charms


You had 2 spell levels left.
You knew the following spells:

 Your Spells              Type           Power        Failure   Level  Hunger
a - Infusion              Chrm           ##..         41%         1    #......
b - Shroud of Golubria    Chrm/Tloc      #.........   93%         2    ##.....
c - Regeneration          Chrm/Necr      #.........   99%         3    ###....


Dungeon Overview and Level Annotations

Branches:
Dungeon (2/15)

Altars:
Fedhas
Xom


Message History

You barely miss the worker ant.
The worker ant is heavily wounded.
* * * LOW HITPOINT WARNING * * *
You feel sick. The worker ant bites you.
* * * LOW HITPOINT WARNING * * *
You are too injured to fight recklessly!
You are too injured to fight recklessly!
You are too injured to fight recklessly!
You are too injured to fight recklessly!
You are too injured to fight recklessly!
You are too injured to fight recklessly!
You are too injured to fight recklessly!
You are too injured to fight recklessly!
You are too injured to fight recklessly!
You are too injured to fight recklessly!
You are too injured to fight recklessly!
You are too injured to fight recklessly!
You hit the worker ant.
The worker ant is almost dead.
You die...

########
##......##
##........##
#..........#
#..........#
##..........#
#...........#
#..a@...)...#
_P.P..###..)..##
...... ####...#
##P. #.รท.# ##
#...# #.Z.#
#....# .....#
.###.#


You could see a worker ant.

Vanquished Creatures
  A hound (D:4)
  An adder (D:4)
  An ooze (D:1)
  2 dart slugs (D:1)
  A worm (D:4)
  A giant gecko (D:1)
  3 orcs (D:4)
  A giant cockroach (D:2)
  3 goblins (D:1)
  6 hobgoblins
  5 jackals
  3 bats
  2 giant newts (D:1)
  4 kobolds (D:1)
  A quokka skeleton (D:4)
  10 rats
45 creatures vanquished.

Notes
Turn   | Place    | Note
--------------------------------------------------------------
     0 | D:1      | bod the High Elf Skald began the quest for the Orb.
     0 | D:1      | Reached XP level 1. HP: 14/14 MP: 4/4
   496 | D:1      | Reached skill level 1 in Armour
   499 | D:1      | Reached XP level 2. HP: 12/19 MP: 6/6
   837 | D:1      | Upgraded the game from 0.19-a0-55-g7e720b0 to 0.19-a0-61-g4dc4c6e
  1165 | D:1      | Learned a level 2 spell: Shroud of Golubria
  1383 | D:1      | Reached XP level 3. HP: 17/24 MP: 7/7
  1566 | D:1      | Learned a level 3 spell: Regeneration
  2204 | D:2      | Found a shimmering altar of Xom.
  2204 | D:2      | Found a shimmering altar of Xom.
  2224 | D:2      | Found a shimmering altar of Xom.
  2253 | D:2      | You fall through a shaft for 2 floors!
  2280 | D:4      | Reached XP level 4. HP: 22/29 MP: 8/8
  2533 | D:4      | Found a blossoming altar of Fedhas.
  2548 | D:4      | HP: 1/29 [worker ant (6)]
  2549 | D:4      | Succumbed to a worker ant's poison

Vault maps used:
D:1:      matt_arrival_debris
D:2:      grunt_temple_overflow_holy_war, xom_redecorated,
          nicolae_ru_great_annihilating_truth, first_bread
D:4:      grunt_temple_overflow_growth_and_decay, grunt_dithmenos_smoke,
          grunt_ministairs_8

Skill      XL: |  1  2  3 |
---------------+----------+-----
Armour         | 1 2 |  2.0
Dodging        | 2 3 |  3.2
Short Blades   | 3 |  3.1
Fighting       | |  2.0
Shields        | |  0.3
Spellcasting   | |  2.5
Charms         | |  3.8

Action                   |  1- 3 |  4- 6 || total
-------------------------+-------+-------++-------
Melee: Short sword       |   179 |    36 ||   215
  Use: Potion            |     3 |       ||     3
       Scroll            |     1 |     5 ||     6
 Stab: Sleeping          |     1 |       ||     1
  Eat: Chunk             |     3 |     1 ||     4
       Beef jerky        |     1 |       ||     1
       Bread ration      |       |     1 ||     1
Armor: Leather armour    |    48 |     1 ||    49
Dodge: Dodged            |    78 |    12 ||    90
Block: Shield            |    33 |    14 ||    47
